 Dungeon Crawl Stone Soup version 0.31-a0-236-g9a0961fb85 (webtiles) character file.

Game seed: 7035845882417680405

108 qw the Shooter (level 4, -7/36 HPs)
             Began as a Minotaur Hexslinger on July 9, 2023.
             Mangled by an ogre
             ... wielding a +0 giant club
              (17 damage)
             ... on level 3 of the Dungeon.
             The game lasted 00:00:47 (2257 turns).

qw the Shooter (Minotaur Hexslinger)                Turns: 2257, Time: 00:00:47

Health: -7/36      AC:  6    Str: 13    XL:     4   Next: 58%
Magic:  4/4        EV: 11    Int: 10    God:
Gold:   161        SH:  0    Dex: 14    Spells: 4/5 levels left

rFire   . . .        Y - +1 sling
rCold   . . .        (no shield)
rNeg    . . .        e - +0 acid dragon scales
rPois   .            (helmet restricted)
rElec   .            (no cloak)
rCorr   +            (no gloves)
SInv    .            (no boots)
Will    .....        (no amulet)
Stlth   +            (no ring)
HPRegen 0.26/turn    (no ring)
MPRegen 0.09/turn

%: no passive effects
@: no status effects
A: horns 2, retaliatory headbutt
a: no special abilities


You were on level 3 of the Dungeon.
You visited 1 branch of the dungeon, and saw 4 of its levels.

You collected 161 gold pieces.


Innate Abilities, Weirdness & Mutations

You have a pair of horns on your head.
You reflexively headbutt those who attack you in melee.


   Skills:
 + Level 2.0 Fighting
 - Level 5.0 Ranged Weapons
 - Level 1.0 Armour
 - Level 2.1 Dodging
 - Level 1.0 Spellcasting
 - Level 2.0 Hexes


You had 4 spell levels left.
You knew the following spells:

 Your Spells              Type           Power      Damage    Failure   Level
a - Slow                  Hex            16%        N/A       22%         1

Your spell library contained the following spells:

 Spells                   Type           Power      Damage    Failure   Level
 Inner Flame              Hex/Fire       2%         N/A       69%         3
 Portal Projectile        Hex/Tloc       4%         N/A       69%         3
 Cause Fear               Hex            2%         N/A       91%         4

Inventory:

Hand Weapons
 Y - a +1 sling (weapon)
Armour
 e - +0 acid dragon scales (worn)
Jewellery
 b - a ring of resist corrosion
Scrolls
 a - a scroll of identify

Dungeon Overview and Level Annotations

Branches:
Dungeon (4/15)
 Temple: D:4-7

Altars:


Message History

The ogre is moderately wounded.
The ogre closely misses you.
You shoot a sling bullet.
The sling bullet barely misses the ogre.
You shoot a sling bullet. The sling bullet hits the ogre.
The ogre is heavily wounded.
The ogre barely misses you. The black bear bites you.
The black bear claws you. x2
2252 ||| STAIRDANCE The black bear closely misses you.
The black bear claws you but does no damage. x2
The ogre hits you with a +0 giant club!!
Ouch! That really hurt!
You climb upwards.
There is a stone staircase leading down here.
Enter note:
Enter note:
Enter note:
Enter note:
Enter note:
Enter note: You shoot a sling bullet.
The sling bullet hits the ogre.
The ogre is heavily wounded.
The black bear bites you. The black bear closely misses you.
The black bear claws you. The ogre closely misses you.
2255 ||| DRINKING potion of heal wounds.
You feel much better. The black bear misses you.
The black bear claws you but does no damage. x2
You shoot a sling bullet. The sling bullet hits the ogre.
The ogre is almost dead.
The ogre hits you with a +0 giant club!!
Ouch! That really hurt!
The black bear closely misses you. You furiously retaliate!
You headbutt the black bear. The black bear closely misses you. x3
You furiously retaliate!
You headbutt the black bear. The black bear claws you.
The black bear closely misses you.
You shoot a sling bullet. The sling bullet hits the ogre.
The ogre is almost dead.
The ogre hits you with a +0 giant club!
You die...

#.....~.''..#
#.....~~##..#
#.....~~#####
#.....~~#
#######.#######
######....#).# #.#
.....#....#)## #.#
####.#....#)####.#
..........)....h@#
..##.#..).#.####O#
..##.#....#.# #.#
####)#....#.# #.#
#.######.# #.# #.#
#.# #.# #.# #.#
#.# ####.#
#.####.#
.....######.##...#


You could see a black bear and an ogre.

Vanquished Creatures
  4 adders (D:3)
  2 dart slugs (D:3)
  5 endoplasms
  2 giant cockroaches
  11 goblins
  4 hobgoblins
  3 jackals (D:1)
  5 quokkas
  3 ball pythons
  10 bats
  7 frilled lizards
  6 kobolds
  3 rats
65 creatures vanquished.

Notes
Turn   | Place    | Note
-------+----------+-------------------------------------------
     0 | D:1      | qw the Minotaur Hexslinger began the quest for the Orb.
     0 | D:1      | Reached XP level 1. HP: 16/16 MP: 1/1
     0 | D:1      | 0 ||| qw: Version: 0.3-a-51-g015441d
     0 | D:1      | 0 ||| qw: Game counter: 4449
     0 | D:1      | 0 ||| qw: Melee chars always use a shield: true
     0 | D:1      | 0 ||| qw: God list: Okawaru
     0 | D:1      | 0 ||| qw: Allow faded altars: false
     0 | D:1      | 0 ||| qw: Do Orc after clearing Dungeon:15 true
     0 | D:1      | 0 ||| qw: Do second Lair branch before Depths: true
     0 | D:1      | 0 ||| qw: Lair rune preference: random
     0 | D:1      | 0 ||| qw: Goals: Normal
     0 | D:1      | 0 ||| PLANNING D:1-11
   132 | D:1      | Reached skill level 3 in Ranged Weapons
   132 | D:1      | Reached XP level 2. HP: 21/23 MP: 2/2
   893 | D:1      | Found a faded altar of an unknown god.
   911 | D:1      | 911 ||| UPGRADING to +0 acid dragon scales.
   921 | D:1      | 921 ||| DROPPING +0 robe.
   922 | D:1      | 922 ||| READING scroll labelled MITATO LEDUO.
   923 | D:1      | 923 ||| DROPPING scroll of poison.
   993 | D:2      | Reached XP level 3. HP: 29/29 MP: 3/3
  1596 | D:3      | Reached skill level 4 in Ranged Weapons
  1648 | D:3      | Reached skill level 1 in Armour
  1697 | D:3      | Reached XP level 4. HP: 33/36 MP: 4/4
  1944 | D:3      | Reached skill level 5 in Ranged Weapons
  2117 | D:3      | 2117 ||| READING scroll labelled IFOEM YNUTORU.
  2118 | D:3      | 2118 ||| READING scroll labelled DETEIDOUKI.
  2219 | D:3      | 2219 ||| READING 2 scrolls of identify.
  2219 | D:3      | 2219 ||| IDENTIFYING clear potion
  2248 | D:4      | Noticed an ogre
  2248 | D:4      | Noticed a black bear
  2252 | D:4      | 2252 ||| STAIRDANCE
  2254 | D:3      | HP: 9/36 [black bear (4)]
  2255 | D:3      | 2255 ||| DRINKING potion of heal wounds.
  2257 | D:3      | Mangled by an ogre

Levels and vault maps discovered:
D:1:      minmay_arrival_four_loops, layout_loops_ring, basic_ecumenical_altar,
          chequers_jeans, minmay_lizard_king
D:2:      layout_basic, chequers_serial_rivers_small_3, st_stairs_5
D:3:      layout_basic, chequers_serial_rivers_marsh, minmay_goblin_outpost
D:4:      layout_rooms, patterned_corridor

Skill      XL: |  1  2  3  4 |
---------------+-------------+-----
Ranged Weapons | 3 4 5 |  5.0
Fighting       | 2 |  2.0
Armour         | 1 |  1.0
Dodging        | |  2.1
Spellcasting   | |  1.0
Hexes          | |  2.0

Action                     |  1- 3 |  4- 6 || total
---------------------------+-------+-------++-------
   Fire: Sling             |   146 |    44 ||   190
    Use: Scroll            |     1 |     3 ||     4
         Potion            |       |     1 ||     1
 Armour: Robe              |     9 |       ||     9
         Acid dragon scale |    15 |    11 ||    26
  Dodge: Dodged            |    49 |    26 ||    75

Table legend:
 A = Non-vault XP
 B = Vault XP
 C = Vault XP percentage of total XP
 D = Non-vault monster count
 E = Vault monster count
 F = Vault count percentage of total count
                 A         B        C        D         E       F
            +---------+---------+-------+---------+---------+-------
      Total |     131 |      24 |  15.5 |      50 |      15 |  23.1
            +---------+---------+-------+---------+---------+-------
        D:1 |      33 |       4 |  10.8 |      21 |       4 |  16.0
        D:2 |      21 |       3 |  12.5 |      14 |       2 |  12.5
        D:3 |      77 |      17 |  18.1 |      15 |       9 |  37.5
            +---------+---------+-------+---------+---------+-------
